 Dungeon Crawl Stone Soup version 0.29.0-5-ge4962eb29e (webtiles) character file.

Game seed: 4979907462385863216

128 Anothat the Shield-Bearer (level 5, -12/47 HPs)
             Began as a Gnoll Fighter on Aug 28, 2022.
             Mangled by Pikel
             ... wielding a +0 whip of electrocution
              (18 damage)
             ... on level 4 of the Dungeon.
             The game lasted 00:03:56 (2469 turns).

Anothat the Shield-Bearer (Gnoll Fighter)           Turns: 2469, Time: 00:03:56

Health: -12/47     AC:  7    Str: 18    XL:     5   Next: 11%
Magic:  7/7        EV:  9    Int:  7    God:
Gold:   163        SH:  5    Dex: 11    Spells: 6/6 levels left

rFire   . . .      SeeInvis .   a - +0 war axe (drain)
rCold   . . .      Faith    .   c - +0 buckler
rNeg    . . .      Spirit   .   b - +0 scale mail
rPois   .          Reflect  .   (no helmet)
rElec   .          Harm     .   (no cloak)
rCorr   .          Rampage  .   (no gloves)
Will    .....                   (no boots)
Stlth   ..........              (no amulet)
HPRegen 0.15/turn               (no ring)
MPRegen 0.10/turn               (no ring)

@: mighty
A: fangs 1, strong nose, distributed training
a: no special abilities


You were on level 4 of the Dungeon.
You visited 1 branch of the dungeon, and saw 4 of its levels.

You collected 163 gold pieces.

Inventory:

Hand Weapons
 a - a +0 war axe of draining (weapon)
Missiles
 o - 3 boomerangs (quivered)
Armour
 b - a +0 scale mail (worn)
 c - a +0 buckler (worn)
Jewellery
 k - an amulet of guardian spirit
Wands
 n - a wand of charming (13)
Scrolls
 e - 2 scrolls of blinking
 j - 4 scrolls of teleportation
 l - a scroll of identify
Potions
 f - 2 potions of mutation {unknown}
 h - 2 potions of brilliance
 i - a potion of magic {unknown}
 m - a potion of lignification {unknown}
 p - a potion of heal wounds {unknown}


   Skills:
 + Level 6.7 Fighting
 + Level 1.4 Short Blades
 + Level 1.4 Long Blades
 + Level 4.7 Axes
 + Level 1.4 Maces & Flails
 + Level 1.4 Polearms
 + Level 1.4 Staves
 + Level 1.4 Ranged Weapons
 + Level 1.4 Throwing
 + Level 6.7 Armour
 + Level 1.4 Dodging
 + Level 1.4 Stealth
 + Level 6.7 Shields
 + Level 1.4 Unarmed Combat
 + Level 1.4 Spellcasting
 + Level 1.1 Conjurations
 + Level 1.1 Hexes
 + Level 1.1 Summonings
 + Level 1.1 Necromancy
 + Level 1.1 Translocations
 + Level 1.1 Transmutations
 + Level 1.1 Fire Magic
 + Level 1.1 Ice Magic
 + Level 1.1 Air Magic
 + Level 1.1 Earth Magic
 + Level 1.1 Poison Magic
 + Level 1.6 Invocations
 + Level 1.4 Evocations


You had 6 spell levels left.
You didn't know any spells.
Your spell library contained the following spells:

 Spells                   Type           Power      Damage    Failure   Level
 Shock                    Conj/Air       8%         1d3       65%         1
 Ensorcelled Hibernation  Hex/Ice        4%         N/A       80%         2
 Inner Flame              Hex/Fire       2%         N/A       95%         3
 Spider Form              Tmut/Pois      2%         N/A       95%         3
 Swiftness                Air            2%         N/A       95%         3
 Airstrike                Air            1%         2d(1-17)  100%        4
 Anguish                  Hex/Necr       1%         N/A       100%        4
 Cause Fear               Hex            1%         N/A       100%        4
 Discord                  Hex            1%         N/A       100%        8


Dungeon Overview and Level Annotations

Branches:
Dungeon (4/15)
 Temple: D:4-7

Altars:
Wu Jian

Shops:
D:2 *

Annotations:
D:4 Pikel


Innate Abilities, Weirdness & Mutations

You have very sharp teeth.
Your uncanny sense of smell can sniff out nearby items.
Your experience applies equally to all skills.


Message History

You hit Pikel. You drain Pikel. You block the lemure's attack.
You block Pikel's attack.
You barely miss Pikel.
Pikel is moderately wounded.
You barely miss the lemure. You closely miss the lemure.
The lemure hits you but does no damage. Pikel completely misses you.
The lemure hits you.
A lemure comes into view.
You block the lemure's attack. The lemure hits you.
Pikel hits you with a +0 whip of electrocution.
You are electrocuted!
* * * LOW HITPOINT WARNING * * *
You feel better.
The lemure shouts!
The lemure hits you! The lemure hits you but does no damage.
Pikel says, "Dispater doesn't talk much, but I know they dig me."
Pikel barely misses you.
You feel better. The lemure closely misses you. The lemure hits you.
Pikel barely misses you.
You hit the lemure. You bite the lemure!
The lemure is moderately wounded.
You closely miss Pikel. You slash the lemure! The lemure closely misses you.
The lemure hits you but does no damage. Pikel hits you but does no damage.
You hit the lemure.
The lemure is heavily wounded.
You hit Pikel. You slash the lemure!
Pikel hits you with a +0 whip of electrocution!
The lemure hits you.
* * * LOW HITPOINT WARNING * * *
The lemure hits you but does no damage.
You barely miss the lemure.
The lemure is heavily wounded.
You slash Pikel! You drain Pikel. You hit the lemure. The lemure hits you!
* * * LOW HITPOINT WARNING * * *
You block Pikel's attack. The lemure barely misses you.
You closely miss the lemure. You bite the lemure.
The lemure is severely wounded.
You closely miss the lemure. You hit Pikel. The lemure misses you.
Pikel hits you but does no damage.
You are electrocuted!!
You die...

#.......†....#
#............# #......#
#............##+##......#
####+####'####....?....#
.......'.....#.........#
.......#.....#.........#
.......#..55.#.........#
.......#..55K+.........#
###########@##.........####
.............##'####..#
.............#........#
.............#........#
.............#........#
.............#........#
.............#........#
.............#..>.....#
.............#........#


You could see Pikel (drained) and 4 lemures.

Vanquished Creatures
  A hound (D:3)
  An adder (D:3)
  An ufetubus (D:4)
  2 worms (D:2)
  4 dart slugs
  5 orcs
  6 ball pythons
  2 endoplasms
  3 giant cockroaches (D:1)
  5 goblins
  7 hobgoblins
  10 jackals
  5 kobolds
  A quokka (D:3)
  A frilled lizard (D:3)
  3 rats
57 creatures vanquished.

Notes
Turn   | Place    | Note
-------+----------+-------------------------------------------
     0 | D:1      | Anothat the Gnoll Fighter began the quest for the Orb.
     0 | D:1      | Reached XP level 1. HP: 23/23 MP: 1/1
    53 | D:1      | Found a faded altar of an unknown god.
   208 | D:1      | Reached XP level 2. HP: 26/29 MP: 2/2
   718 | D:2      | Reached XP level 3. HP: 35/35 MP: 3/3
   792 | D:2      | Reached skill level 1 in Invocations
   902 | D:2      | Found an ornate altar of the Wu Jian Council.
  1134 | D:2      | Found Tagess's General Store.
  1146 | D:2      | Reached skill level 1 in Short Blades
  1146 | D:2      | Reached skill level 1 in Long Blades
  1146 | D:2      | Reached skill level 1 in Maces & Flails
  1146 | D:2      | Reached skill level 1 in Polearms
  1146 | D:2      | Reached skill level 1 in Staves
  1146 | D:2      | Reached skill level 1 in Ranged Weapons
  1146 | D:2      | Reached skill level 1 in Throwing
  1146 | D:2      | Reached skill level 1 in Dodging
  1146 | D:2      | Reached skill level 1 in Stealth
  1146 | D:2      | Reached skill level 1 in Unarmed Combat
  1146 | D:2      | Reached skill level 1 in Spellcasting
  1146 | D:2      | Reached skill level 1 in Evocations
  1567 | D:3      | Reached XP level 4. HP: 35/41 MP: 5/5
  2009 | D:3      | Reached skill level 1 in Conjurations
  2009 | D:3      | Reached skill level 1 in Hexes
  2009 | D:3      | Reached skill level 1 in Summonings
  2009 | D:3      | Reached skill level 1 in Necromancy
  2009 | D:3      | Reached skill level 1 in Translocations
  2009 | D:3      | Reached skill level 1 in Transmutations
  2009 | D:3      | Reached skill level 1 in Fire Magic
  2009 | D:3      | Reached skill level 1 in Ice Magic
  2009 | D:3      | Reached skill level 1 in Air Magic
  2009 | D:3      | Reached skill level 1 in Earth Magic
  2009 | D:3      | Reached skill level 1 in Poison Magic
  2407 | D:4      | Reached XP level 5. HP: 47/47 MP: 7/7
  2445 | D:4      | Identified the +1 buckler of Ceiteul {Int+3 Dex+3}
  2448 | D:4      | Noticed a lemure
  2449 | D:4      | Noticed Pikel
  2449 | D:4      | Noticed a lemure
  2461 | D:4      | Noticed a lemure
  2463 | D:4      | Noticed a lemure
  2469 | D:4      | Mangled by Pikel

Illustrated notes

Levels and vault maps discovered:
D:1:      wheals_arrival_shading, layout_basic, shapermc_ecumenical_altar_gd
D:2:      layout_loops_ring, serial_shops,
          nicolae_shop_temple_entry_statues_fountains, basic_altar
D:3:      layout_loops_cross, fountainhead
D:4:      layout_gridville, uniq_pikel

Skill      XL: |  1  2  3  4 |
---------------+-------------+-----
Invocations    | 1 |  1.6
Short Blades   | 1 |  1.4
Long Blades    | 1 |  1.4
Maces & Flails | 1 |  1.4
Polearms       | 1 |  1.4
Staves         | 1 |  1.4
Ranged Weapons | 1 |  1.4
Throwing       | 1 |  1.4
Dodging        | 1 |  1.4
Stealth        | 1 |  1.4
Unarmed Combat | 1 |  1.4
Spellcasting   | 1 |  1.4
Evocations     | 1 |  1.4
Conjurations   | 1 |  1.1
Hexes          | 1 |  1.1
Summonings     | 1 |  1.1
Necromancy     | 1 |  1.1
Translocations | 1 |  1.1
Transmutations | 1 |  1.1
Fire Magic     | 1 |  1.1
Ice Magic      | 1 |  1.1
Air Magic      | 1 |  1.1
Earth Magic    | 1 |  1.1
Poison Magic   | 1 |  1.1
Fighting       | |  6.7
Axes           | |  4.7
Armour         | |  6.7
Shields        | |  6.7

Action                   |  1- 3 |  4- 6 || total
-------------------------+-------+-------++-------
Melee: War axe           |    97 |    43 ||   140
       Bite              |     7 |     5 ||    12
  Use: Scroll            |     8 |     1 ||     9
       Potion            |       |     3 ||     3
Armor: Scale mail        |    39 |    35 ||    74
Dodge: Dodged            |    34 |    34 ||    68
Block: Buckler           |    21 |    15 ||    36
